 Dungeon Crawl Stone Soup version 0.26-a0-438-g4b1dca4f87 (webtiles) character file.

Game seed: 1591461158855636148

67 DerDa the Grave Robber (level 4, -3/30 HPs)
             Began as a Mummy Necromancer on July 26, 2020.
             Slain by an ogre
             ... wielding a +0 giant spiked club
              (33 damage)
             ... on level 3 of the Dungeon.
             The game lasted 00:05:13 (2939 turns).

DerDa the Grave Robber (Mummy Necromancer)          Turns: 2939, Time: 00:05:14

Health: -3/30      AC:  7    Str: 11    XL:     4   Next: 0%
Magic:  8/10       EV: 12    Int: 15    God:
Gold:   142        SH:  0    Dex: 12    Spells: 2/11 levels left

rFire    x . .     SeeInvis .   k - +2 whip (venom)
rCold    + . .     Faith    .   (no shield)
rNeg     + + +     Spirit   .   i - +0 robe (curse)
rPois    ∞         Reflect  .   l - +0 helmet
rElec    .         Harm     .   b - +1 cloak
rCorr    .                      n - +0 pair of gloves
MR       .....                  a - +0 pair of boots
Stlth    ++........             (no amulet)
HPRegen  0.10/turn              (no ring)
MPRegen  0.12/turn              (no ring)

@: no status effects
A: no potions, fire vulnerability, cold resistance 1, negative energy resistance
3, torment resistance, unbreathing
a: no special abilities


You were on level 3 of the Dungeon.
You visited 1 branch of the dungeon, and saw 3 of its levels.

You collected 142 gold pieces.

Inventory:

Hand Weapons
 k - a +2 whip of venom (weapon)
Missiles
 c - 4 boomerangs
 d - 112 stones
 m - 22 poisoned darts (quivered)
Armour
 a - a +0 pair of boots (worn)
 b - a +1 cloak (worn)
 i - a cursed +0 robe (worn)
 l - a +0 helmet (worn)
 n - a +0 pair of gloves (worn)
Scrolls
 e - 4 scrolls of identify {unknown}
 f - 2 scrolls of enchant weapon {unknown}
 g - 2 scrolls of blinking {unknown}
 h - 2 scrolls of remove curse {unknown}
 j - 2 scrolls of teleportation {unknown}


   Skills:
 - Level 1.5 Dodging
 - Level 1.5 Stealth
 * Level 4.2 Spellcasting
 * Level 4.8 Necromancy


You had 2 spell levels left.
You knew the following spells:

 Your Spells              Type           Power        Failure   Level
a - Pain                  Necr           ###.         2%          1
b - Animate Skeleton      Necr           ###...       2%          1
c - Vampiric Draining     Necr           ###.......   7%          3
d - Animate Dead          Necr           ###.......   24%         4

Your spell library contained the following spells:

 Spells                   Type           Power        Failure   Level
 Agony                    Necr           ###.....     54%         5


Dungeon Overview and Level Annotations

Branches:
Dungeon (3/15)

Altars:
Ashenzari
Elyvilon
Fedhas
Ru
Vehumet

Annotations:
D:3 1 runed translucent door, YoungGLord's ghost, amateur GrEE


Innate Abilities, Weirdness & Mutations

You do not drink.
Your flesh is vulnerable to fire.
You are immune to poison.
Your flesh is cold resistant. (rC+)
You are immune to negative energy. (rN+++)
You are immune to unholy pain and torment.
You can survive without breathing.


Message History

Confirm with . or Enter, or press ? or * to list all spells.
Aiming: Pain (safe; 2% risk of failure)
Press: ? - help, Shift-Dir - straight line, f - ogre
Aim: an ogre, wielding a +0 giant spiked club (wandering, hasn't noticed you, chance to defeat MR: 76%)
The ogre shouts!
The ogre writhes in agony.
Casting: Pain (safe; 2% risk of failure)
Confirm with . or Enter, or press ? or * to list all spells.
Aiming: Pain (safe; 2% risk of failure)
Press: ? - help, Shift-Dir - straight line, f/p - ogre
Aim: an ogre, wielding a +0 giant spiked club (lightly wounded, chance to defeat MR: 76%)
The ogre writhes in agony.
You barely miss the ogre.
The ogre is moderately wounded.
The ogre closely misses you.
You barely miss the ogre.
The ogre is moderately wounded.
The ogre hits you with a +0 giant spiked club!!
Ouch! That really hurt!
You die...

#..#.#.#.#.#.#.#.#.#.#.# #.
#....)...............## #.
#..#.#.#.#.#.#.#.#.#.# #.
#.#.................#######. ###
#...#.#.#.#.#.#.#.#.##...... ..#
##.##...............###.####.
#.###...#.#.#.#.#.#.#.#....<.....
................O......#.##.####.
#.###...##.#.#.#@#.#.#.#.#.#.# #.
#.# ##.## #...........##.##..# #.
..# #.# ##.#.##..!####.###.# #.
### #.# #.#.###.## #.###.###.
##+## #.......# #.........
##...## ###.##### #####.####
##.....## #.### #.##.#
##.......## #.#.## #.#.#.
##.........###....##########....#


You could see an ogre.

Vanquished Creatures
  An ooze (D:3)
  A worm (D:3)
  A dart slug (D:1)
  2 leopard geckos
  2 orcs (D:3)
  2 ball pythons
  7 bats
  A giant cockroach (D:1)
  10 goblins
  7 hobgoblins
  3 quokkas
  4 frilled lizards
  5 kobolds
  5 rats
51 creatures vanquished.

Notes
Turn   | Place    | Note
-------+----------+-------------------------------------------
     0 | D:1      | DerDa the Mummy Necromancer began the quest for the Orb.
     0 | D:1      | Reached XP level 1. HP: 13/13 MP: 4/4
   463 | D:1      | Reached XP level 2. HP: 19/19 MP: 4/6
   541 | D:1      | Learned a level 1 spell: Animate Skeleton
  1257 | D:2      | Reached XP level 3. HP: 24/24 MP: 4/8
  1356 | D:2      | Learned a level 3 spell: Vampiric Draining
  1666 | D:2      | Found a blossoming altar of Fedhas.
  1796 | D:2      | Found a radiant altar of Vehumet.
  1876 | D:2      | Found a sacrificial altar of Ru.
  2168 | D:3      | Found a runed translucent door.
  2168 | D:3      | Noticed a sky beast
  2168 | D:3      | Noticed YoungGLord's ghost (amateur GrEE)
  2400 | D:3      | Found a white marble altar of Elyvilon.
  2794 | D:3      | Found a shattered altar of Ashenzari.
  2857 | D:3      | Reached XP level 4. HP: 30/30 MP: 10/10
  2863 | D:3      | Learned a level 4 spell: Animate Dead
  2934 | D:3      | Noticed an ogre
  2939 | D:3      | Slain by an ogre

Illustrated notes

Levels and vault maps discovered:
D:1:      kilobyte_arrival_exit_the_forest, layout_loops_ring
D:2:      layout_loops_ring, lemuel_round_altar, lemuel_doored_altar,
          hangedman_abyss_or_decor_stabs, fedhas_ov_isle_minmay
D:3:      layout_loops_corners, lemuel_crystal_altar,
          nicolae_overflow_hidden_temple, ebering_ghost_inner_flame, hex_large,
          uniq_sigmund

Skill      XL: |  1  2  3 |
---------------+----------+-----
Spellcasting   | 3 4 |  4.2
Dodging        | |  1.5
Stealth        | |  1.5
Necromancy     | |  4.8

Action                   |  1- 3 |  4- 6 || total
-------------------------+-------+-------++-------
Melee: Whip              |     9 |     2 ||    11
 Cast: Pain              |   104 |     2 ||   106
       Animate Skeleton  |     2 |       ||     2
Armor: Robe              |     6 |       ||     6
Dodge: Dodged            |    16 |     1 ||    17

Table legend: (Time is in decaauts)
 A = Elapsed time spent in this place.
 B = Non-inter-level travel time spent in this place.
 C = Inter-level travel time spent in this place.
 D = Time resting spent in this place.
 E = Time spent auto-exploring this place.
 F = Levels seen in this place.
 G = Mean time per level.
                   A        B        C        D        E       F      G
               +--------+--------+--------+--------+--------+-----+--------+
         Total |   2945 |   2914 |     31 |    295 |   2214 |   3 |  981.7 |
       Dungeon |   2945 |   2914 |     31 |    295 |   2214 |   3 |  981.7 |
               +--------+--------+--------+--------+--------+-----+--------+

Top non-repeatable levels by time:
     D:1: 1229 daAuts
     D:3: 868 daAuts
     D:2: 847 daAuts
